Unix NetHack Version 5.0.0-0 post-release - last build May 23 2026 06:08:33 (1c0ff79ee797540d5714e4e18072db0edd9e58ae,branch:main).

Game began 2026-05-22 20:58:13, ended 2026-05-24 21:41:11.

Corncycle, chaotic male human Rogue

                                 -----  ------
                                 |@@.|  |....|
                                 |@@@----.0..|
                                 |@.@.......`|
                                 |..--->---.`|
                                ---.---------|
                                |.....|<.....|
                                |.)...|----..|
                                |.....|   |.--
                                |....%-----^|
                                |.....^.....|
                                ----------..|
                                         ----

Corncycle the Robber    St:18/29 Dx:18 Co:18 In:11 Wi:15 Ch:10  Chaotic
Dlvl:7  $:0  HP:0(110) Pw:60(60) AC:0  Xp:15 T:29678 

Latest messages:
 You continue disrobing.
 You were wearing a blessed thoroughly rusty +1 dwarvish iron helm.
 You stop disrobing.
 The nurse hits!
 The nurse misses!
 You continue disrobing.
 You stop disrobing.
 You continue disrobing.
 You stop disrobing.
 The nurse hits!
 The nurse misses!
 The nurse misses!
 You continue disrobing.
 You stop disrobing.
 The nurse misses!
 The nurse hits!
 The nurse hits!
 The nurse hits!
 You continue disrobing.
 You stop disrobing.
 The nurse hits!
 The nurse hits!
 The nurse misses!
 You continue disrobing.
 You were wearing a blessed +1 orange dragon scale mail.
 You stop disrobing.
 The nurse hits!
 The nurse hits!
 The nurse hits!
 You continue disrobing.
 You stop disrobing.
 The nurse hits!
 The nurse hits!
 The nurse hits!
 The nurse hits!
 The nurse hits!
 The nurse hits!
 The nurse hits!
 The nurse hits!
 The nurse hits!
 The nurse hits!
 The nurse hits!
 The nurse hits!
 You die...
 Do you want your possessions identified? [ynq] (y)
 Do you want to see your attributes? [ynq] (y)
 Do you want an account of creatures vanquished? [ynaq] (y)
 Do you want a list of species genocided? [ynaq] (y)
 Do you want to see your conduct and achievements? [ynq] (y)
 Do you want to see the dungeon overview? [ynq] (y)

Inventory:
 Amulets  ('"')
  l - an uncursed amulet of guarding (being worn)
 Weapons  (')')
  d - a +1 dagger
  X - 14 +0 daggers (at the ready)
  a - a blessed +0 elven dagger
  W - a cursed -2 silver saber
 Armor    ('[')
  T - a blessed thoroughly rusty +1 dwarvish iron helm
  I - a blessed +2 pair of gauntlets of dexterity
  F - an uncursed very burnt +0 pair of jumping boots (being doffed)
  w - an uncursed +1 shield of reflection
  R - an uncursed burnt +0 cloak of protection
  P - a blessed +0 mummy wrapping
  Q - a blessed +1 orange dragon scale mail
 Rings    ('=')
  q - an uncursed +1 ring of increase accuracy
  f - an uncursed ring of levitation
  n - a blessed +2 ring of protection (on right hand)
  u - an uncursed ring of slow digestion (on left hand)
  J - an uncursed ring of slow digestion
 Wands    ('/')
  m - a wand of cancellation (0:5)
  h - a wand of cold (0:0)
  S - a wand of digging (0:5)
  U - a wand of digging (0:4)
  L - a cursed wand of digging (0:4)
  B - a wand of enlightenment (0:10)
  V - a wand of fire (0:4)
  Z - a wand of lightning (0:2)
  y - a wand of lightning (0:1)
  b - a wand of polymorph (0:4)
  k - a wand of slow monster (0:6)
  c - a wand of speed monster (0:6)
  N - a wand of teleportation named uncharged (0:0)
 Tools    ('(')
  p - a blessed bag of holding containing 63 items
  Y - an uncursed sack containing 7 items
  i - an uncursed magic lamp (lit)
  o - a magic marker named uncursed (0:18)
  e - an uncursed skeleton key
  v - an uncursed stethoscope
  t - an uncursed towel
  s - a blessed +0 unicorn horn

Contents of the bag of holding:
  4775 gold pieces
  7 corroded +0 daggers
  a cursed -1 dagger
  a +1 elven dagger
  a cursed -1 elven dagger
  a cursed -1 helm of opposite alignment
  a cursed -1 pair of gauntlets of dexterity
  an uncursed +0 pair of leather gloves
  an uncursed +0 pair of elven boots
  an uncursed very burnt +0 pair of high boots
  a cursed -2 pair of levitation boots
  an uncursed +0 cloak of displacement
  3 uncursed food rations
  2 uncursed lembas wafers
  an uncursed tripe ration
  an uncursed lizard corpse
  an uncursed lizard corpse
  6 blessed scrolls of blank paper
  26 uncursed scrolls of blank paper
  2 blessed scrolls of charging
  an uncursed scroll of charging
  a blessed scroll of confuse monster
  2 uncursed scrolls of destroy armor
  an uncursed scroll of earth
  an uncursed scroll of enchant armor
  3 uncursed scrolls of enchant weapon
  a cursed scroll of enchant weapon
  an uncursed scroll of genocide
  an uncursed scroll of gold detection
  a cursed scroll of gold detection
  a cursed scroll of identify
  an uncursed scroll of magic mapping
  3 uncursed scrolls of remove curse
  a blessed scroll of teleportation
  2 uncursed scrolls of teleportation
  an uncursed potion of acid
  2 uncursed potions of extra healing
  an uncursed potion of full healing
  an uncursed potion of gain ability
  an uncursed potion of gain energy
  an uncursed potion of gain level
  an uncursed potion of paralysis
  an uncursed potion of polymorph
  an uncursed potion of restore ability
  2 blessed potions of speed
  8 potions of holy water
  6 uncursed potions of water
  a cursed -1 ring of increase damage
  a cursed ring of polymorph
  an uncursed ring of polymorph control
  an uncursed ring of protection from shape changers
  an uncursed ring of teleport control
  a wand of digging (0:6)
  a wand of teleportation (0:0)
  an uncursed magic whistle
  a blessed oil lamp
  5 blessed tallow candles
  an uncursed tallow candle
  a cursed tallow candle
  an uncursed tin opener
  an uncursed tin whistle
  a +0 unicorn horn
  a +0 unicorn horn

Contents of the sack:
  a wand of cancellation (0:0)
  a wand of locking (0:5)
  a wand of make invisible (0:4)
  a wand of opening (0:3)
  a wand of secret door detection (0:8)
  a wand of speed monster named uncharged (0:0)
  a wand of wishing (1:1)

Corncycle the Rogue's attributes:

Background:
 You were a Robber, a level 15 male human Rogue.
 You were chaotic, on a mission for Kos
 who was opposed by Issek (lawful) and Mog (neutral).
 You were right-handed.
 You were in Sokoban, on level 7.
 You entered the dungeon 29678 turns ago.
 You had 166062 experience points, 153938 more were needed to attain level 16.

Basics:
 You had 0 out of 110 hit points.
 You had all 60 energy points (spell power).
 Your armor class was 0.
 Your wallet was empty, but
 you had 4775 zorkmids stashed away in your pack.
 Autopickup was on for '.' plus thrown.

Final Characteristics:
 Your strength was 18/29 (limit:18/100).
 Your dexterity was 18 (limit:18).
 Your constitution was 18 (limit:18).
 Your intelligence was 11 (limit:18).
 Your wisdom was 15 (limit:18).
 Your charisma was 10 (limit:18).

Final Status:
 You weren't hungry.
 You were unencumbered.
 You were bare handed.
 You were unskilled in bare handed combat.

Final Attributes:
 You were piously aligned.
 You were fire resistant.
 You were cold resistant.
 You were shock resistant.
 You were poison resistant.
 You saw invisible.
 You were telepathic.
 You had automatic searching.
 You were invisible to others.
 You were stealthy.
 You could jump.
 You had slower digestion.
 You had a moderate defense bonus (+10).
 You were guarded.
 You were fast.
 You are dead.

Miscellaneous:
 You didn't encounter any bones levels.
 Total elapsed playing time was 10 hours, 30 minutes and 38 seconds.

Major events:
 Turn
    1: Corncycle the chaotic male human Rogue entered the dungeon
  481: entered the Gnomish Mines
 1303: attained the rank of Cutpurse (level 3)
 2949: attained the rank of Rogue (level 6)
 4162: reached Mine Town
 5122: entered Sokoban
 5309: completed 1st Sokoban level
 5545: completed 2nd Sokoban level
 5788: completed 3rd Sokoban level
 6409: completed 4th Sokoban level
 6956: acquired the Sokoban bag of holding
 8859: attained the rank of Pilferer (level 10)
17124: performed his first genocide (class L)
21840: killed Medusa
25339: made his first wish - "uncursed magic marker", got "a magic marker"
25430: wished for "3 blessed scrolls of charging", got "3 scrolls labeled ZLORFIK"
26261: entered Gehennom
26420: attained the rank of Robber (level 14)
29678: killed by a nurse, while disrobing

Spells:
 Name                 Level Category     Fail Retention
 sleep                  3   enchantment  100%   51%-75%
 invisibility           4   escape       100%   51%-75%
 magic missile          2   attack        48%   51%-75%
 teleport away          6   escape       100%   51%-75%
 haste self             3   escape       100%  76%-100%

Skills:
 Fighting Skills
   bare handed combat [Unskilled]
   two weapon combat  [Unskilled]
   riding             [Unskilled]
 Weapon Skills
   dagger             [Expert]
   knife              [Unskilled]
   short sword        [Basic]
   broadsword         [Unskilled]
   long sword         [Unskilled]
   two-handed sword   [Unskilled]
   saber              [Unskilled]
   club               [Unskilled]
   mace               [Unskilled]
   morning star       [Unskilled]
   flail              [Unskilled]
   hammer             [Unskilled]
   polearms           [Unskilled]
   spear              [Unskilled]
   crossbow           [Unskilled]
   dart               [Unskilled]
   shuriken           [Unskilled]
 Spellcasting Skills
   divination spells  [Unskilled]
   escape spells      [Unskilled]
   matter spells      [Unskilled]

Voluntary challenges:
 Character rerolling was not enabled.
 You genocided 4 types of monsters.
 You never polymorphed an object.
 You never changed form.
 You used 2 wishes.
 You did not wish for any artifacts.
 You did not violate any of the special Sokoban rules.
Achievements:
 You entered the Gnomish Mines.
 You entered a shop.
 You attained the rank of Cutpurse.
 You attained the rank of Rogue.
 You entered Minetown.
 You entered a temple.
 You entered Sokoban.
 You completed Sokoban.
 You attained the rank of Pilferer.
 You defeated Medusa.
 You entered Gehennom.
 You attained the rank of Robber.

 The Dungeons of Doom: levels 1 to 29
    Level 1:
       A fountain, a grave.
    Level 2:
       Stairs down to The Gnomish Mines.
    Level 3:
       An armor shop, an altar to Kos, a fountain.
    Level 4:
       A grave.
    Level 5:
    Level 6:
    Level 7:
       Oracle of Delphi.
    Level 8:
       A fountain.
       Stairs up to Sokoban, level 7.
    Level 9:
       A sink.
    Level 10:
    Level 11:
       A grave.
    Level 12:
    Level 13:
    Level 14:
       A fountain.
       Summoned by the Master of Thieves.
    Level 15:
       A sink.
    Level 16:
       A primitive area.
    Level 17:
       A sink.
    Level 18:
       Many altars, some fountains.
    Level 19:
       A temple and an altar to Kos.
    Level 20:
       A temple and an altar.
    Level 21:
       A grave.
    Level 22:
    Level 23:
    Level 24:
    Level 25:
       Many trees.
    Level 26:
    Level 27:
    Level 28:
    Level 29:
       The castle.
       Connection to Gehennom.
 Gehennom:
    Level 30:
       Many graves.
 The Gnomish Mines: levels 3 to 11
    Level 3:
    Level 4:
    Level 5:
       Many shops, a temple and an altar, many fountains.
    Level 6:
    Level 7:
    Level 8:
    Level 9:
    Level 10:
    Level 11:
       Some fountains.
 Sokoban: levels 7 up to 4
    Level 4:
       Solved.
    Level 5:
       Solved.
    Level 6:
       Solved.
    Level 7: <- You were here.
       Solved.
       Final resting place for
          you, killed by a nurse, while disrobing.


Vanquished creatures:
    Medusa
  a glass golem
  2 purple worms
  a gold dragon
  2 orange dragons
  a black dragon
  2 blue dragons
  a green dragon
  4 minotaurs
  a baluchitherium
  a stone golem
  a master mind flayer
  3 Olog-hai
  a pit fiend
  a sandestin
  3 titanotheres
  8 vampire leaders
  a captain
  a clay golem
 an ice devil
  a lurker above
  3 frost giants
 an ettin
  a golden naga
  a black pudding
  6 vampires
  2 lieutenants
 16 ghosts
  5 queen bees
  2 winged gargoyles
  3 mind flayers
  3 giant mimics
  a long worm
  2 zruties
 an ogre tyrant
  a rock troll
  2 umber hulks
  2 flesh golems
  2 elven monarchs
  a hezrou
  a large mimic
  a wumpus
  4 stalkers
  a fire elemental
  4 earth elementals
  2 water elementals
  4 giant mummies
  2 black nagas
  3 xorns
  3 giant zombies
 15 sergeants
  2 barbed devils
  a vrock
 10 wargs
  a winter wolf
  3 small mimics
  4 warhorses
  4 xans
  3 ettin mummies
  4 quantum mechanics
  8 trolls
  5 wood golems
  4 gelatinous cubes
  a pyrolisk
  3 large dogs
  4 freezing spheres
  3 flaming spheres
  3 shocking spheres
  a large cat
  2 tigers
  4 gargoyles
  7 tengu
  3 ochre jellies
  5 leocrottas
  a mountain centaur
  5 stone giants
  2 elf mummies
  2 human mummies
  a red naga
  3 pythons
 19 wraiths
  2 carnivorous apes
  6 ettin zombies
  3 leather golems
  a Grey-elf
 50 soldiers
  a watchman
  2 chameleons
  3 giant beetles
  2 quivering blobs
  9 cockatrices
 19 wolves
  7 winter wolf cubs
  2 lynxes
  a panther
  a spotted jelly
 27 leprechauns
  5 orc-captains
 an iron piercer
  a mumak
  7 giant spiders
  a scorpion
  5 horses
 an ice vortex
  2 black lights
  6 vampire bats
  4 gnome rulers
  4 orc mummies
  2 dwarf mummies
  2 brown puddings
  4 rust monsters
  5 owlbears
  2 yetis
  a gold golem
  2 werewolves
  a Green-elf
  2 giant eels
 18 lizards
  a dingo
  a dog
  3 housecats
  2 jaguars
  5 dwarf leaders
  3 blue jellies
  a white unicorn
  2 gray unicorns
  3 dust vortices
 20 ravens
  5 plains centaurs
  5 gnome mummies
  8 water moccasins
 an ape
 12 human zombies
  a rope golem
  a Woodland-elf
  5 soldier ants
 13 bugbears
  2 imps
  a quasit
  4 wood nymphs
  3 water nymphs
  3 mountain nymphs
  4 Mordor orcs
 11 Uruk-hai
  3 orc shamans
  7 rock piercers
  4 rock moles
  2 ponies
  a fog cloud
  7 yellow lights
  3 violet fungi
 23 gnome leaders
  8 gnomish wizards
  6 kobold mummies
  a guardian naga hatchling
  4 gray oozes
  4 barrow wights
 11 elf zombies
  9 ghouls
  3 straw golems
  2 paper golems
 13 giant ants
  a little dog
  8 floating eyes
  4 kittens
 23 dwarves
  6 kobold leaders
  4 kobold shamans
 23 hill orcs
 15 rothes
  2 rabid rats
  3 giant bats
  3 monkeys
 10 orc zombies
 11 dwarf zombies
  4 werejackals
  7 iguanas
 80 killer bees
  2 acid blobs
 13 coyotes
  a gas spore
  3 hobbits
  4 manes
  5 large kobolds
 14 hobgoblins
  7 giant rats
  8 cave spiders
  a brown mold
  9 yellow molds
  3 green molds
  4 red molds
 70 gnomes
  5 garter snakes
  7 gnome zombies
  4 geckos
 14 jackals
  2 foxes
  a kobold
  5 goblins
  6 sewer rats
  8 grid bugs
  6 bats
 10 lichens
  7 kobold zombies
  8 newts
1125 creatures vanquished.

Genocided species:
 arch-liches
 master liches
 demiliches
 liches
4 species genocided.

Game over:
                       ----------
                      /          \
                     /    REST    \
                    /      IN      \
                   /     PEACE      \
                  /                  \
                  |    Corncycle     |
                  |     4775 Au      |
                  |   killed by a    |
                  |      nurse       |
                  |                  |
                  |                  |
                  |       2026       |
                 *|     *  *  *      | *
        _________)/\\_//(\/(/\)/\//\/|_)_______

Goodbye Corncycle the Rogue...

You died in Sokoban on dungeon level 7 with 328398 points,
and 4775 pieces of gold, after 29678 moves.
You were level 15 with a maximum of 110 hit points when you died.

